AoeStats
← [CL] El Sin Manos

Four Lakes

510194339Analyzed
1v1 RM · 13h ago on Sep 29, 2026· 37m 21s· 2 players
Game mode
Random Map
Map size
Tiny (2 player)
Population
200
Speed
Normal
Resources
Standard
Victory
Conquest
Starting age
Dark Age
Ending age
Imperial Age
RankedLock teamsTeams togetherTeam positionsShared explorationLock speedFull tech treeHidden civsTurbo modeCheats
Victory
Defeat
🇨🇱 Japanese · Chile
1808
+11
🇩🇪 Varangians · Germany
1688
-11
Chainy555
7:06 Loom
9:28 Feudal Age
10:00 Double-Bit Axe
11:43 Fishing Lines
20:05 Castle Age
19:51 Gold Mining
19:55 Stone Mining
20:58 Medium Warships
22:09 Horse Collar
23:14 Fletching
25:52 Bodkin Arrow
26:20 Scale Barding Armor
28:23 Chain Barding Armor
28:37 Gillnets
30:05 Bloodlines
29:56 Husbandry
30:47 Forging
37:18 Imperial Age
37:10 Bow Saw
37:02 Heavy Plow
[CL] El Sin Manos
6:59 Loom
9:21 Feudal Age
19:30 Castle Age
18:22 Fletching
18:42 Horse Collar
19:30 Padded Archer Armor
20:13 Bodkin Arrow
19:40 Crossbowman
21:35 Town Watch
22:24 Medium Warships
25:00 Wheelbarrow
24:32 Double-Bit Axe
25:56 Bow Saw
27:36 Ballistics
28:01 Husbandry
34:42 Imperial Age
32:59 Bloodlines
33:15 Scale Mail Armor
35:04 Stone Mining
35:07 Gold Mining
36:47 Chemistry
35:57 Bracer
36:10 Thumb Ring
37:14 Leather Archer Armor
37:27 Parthian Tactics
Connection lost

Rejoining the realm…

Still unreachable

The connection could not be restored.

Session expired

The server has moved on; the page needs a fresh start.